TOP OF THE 1ST |
Intercourse Amish batting - Pitching for Rio Grande Rattlesnake : RHP Juan Gutiérrez
|
Pitching: RHP Juan Gutiérrez
|
|
Batting: LHB Dave Reynolds
|
0-0: Ball 1-0: Called Strike 1-1: Swinging Strike 1-2: Ball 2-2: Ground out 3-1 (Groundball, 34)
|
Batting: RHB Frank Maxwell
|
0-0: Ball 1-0: Ground out 6-3 (Groundball, 6)
|
Batting: RHB Juan Estrada
|
0-0: Ball 1-0: Ball 2-0: Foul Ball, location: 2F 2-1: Foul Ball, location: 2F 2-2: Ball 3-2: Strikes out swinging
|
Top of the 1st over - 0 run(s), 0 hit(s), 0 error(s), 0 left on base; Intercourse 0 - Rio Grande 0 |
BOTTOM OF THE 1ST |
Rio Grande Rattlesnake batting - Pitching for Intercourse Amish : RHP Andrés Ruíz
|
Pitching: RHP Andrés Ruíz
|
|
Batting: RHB Jaime Delgado
|
0-0: Foul Ball, location: 2F 0-1: Ball 1-1: Swinging Strike 1-2: Ball 2-2: Strikes out swinging
|
Batting: RHB Jeff Bane
|
0-0: Foul Ball, location: 2F 0-1: Called Strike 0-2: Ball 1-2: Strikes out swinging
|
Batting: RHB Hollis Wood
|
0-0: Called Strike 0-1: Foul Ball, location: 2F 0-2: Ball 1-2: Foul Ball, location: 2F 1-2: Foul Ball, location: 2F 1-2: Foul Ball, location: 2F 1-2: Ball 2-2: SINGLE (Groundball, 6MD)
|
Batting: LHB Claudio Rodríguez
|
0-0: Called Strike 0-1: Swinging Strike 0-2: Strikes out swinging
|
Bottom of the 1st over - 0 run(s), 1 hit(s), 0 error(s), 1 left on base; Intercourse 0 - Rio Grande 0 |
TOP OF THE 2ND |
Intercourse Amish batting - Pitching for Rio Grande Rattlesnake : RHP Juan Gutiérrez
|
Batting: LHB Tony O'Bryan
|
0-0: Ball 1-0: Swinging Strike 1-1: Ball 2-1: Foul Ball, location: 2F 2-2: Strikes out looking
|
Batting: RHB Juan Caceres
|
0-0: Called Strike 0-1: Ball 1-1: Ball 2-1: Swinging Strike 2-2: Foul Ball, location: 2F 2-2: Ball 3-2: Ground out 4-3 (Groundball, 4)
|
Batting: SHB Conan Hanson
|
0-0: Called Strike 0-1: Swinging Strike 0-2: Ball 1-2: Strikes out swinging
|
Top of the 2nd over - 0 run(s), 0 hit(s), 0 error(s), 0 left on base; Intercourse 0 - Rio Grande 0 |
BOTTOM OF THE 2ND |
Rio Grande Rattlesnake batting - Pitching for Intercourse Amish : RHP Andrés Ruíz
|
Batting: RHB Joe Courtier
|
0-0: Ball 1-0: Ball 2-0: Ball 3-0: Base on Balls
|
Batting: RHB Iván De Jesús
|
0-0: Foul Ball, location: 2F 0-1: Fly out, F9 (Flyball, 9S)
|
Batting: SHB William Daly
|
0-0: Ball 1-0: Grounds into double play, 6-4-3 (Groundball, 6)
|
Bottom of the 2nd over - 0 run(s), 0 hit(s), 0 error(s), 0 left on base; Intercourse 0 - Rio Grande 0 |
TOP OF THE 3RD |
Intercourse Amish batting - Pitching for Rio Grande Rattlesnake : RHP Juan Gutiérrez
|
Batting: SHB Ralph Robison
|
0-0: Called Strike 0-1: Swinging Strike 0-2: Ball 1-2: Strikes out swinging
|
Batting: LHB Caleb Hall
|
0-0: Foul Ball, location: 2F 0-1: Ball 1-1: Ball 2-1: Ball 3-1: Base on Balls
|
Batting: RHB Pablo Díaz
|
0-0: Swinging Strike 0-1: Foul Ball, location: 2F 0-2: Strikes out looking
|
Batting: LHB Dave Reynolds
|
0-0: Called Strike 0-1: Ball 1-1: Foul Ball, location: 2F 1-2: Ball 2-2: Strikes out looking
|
Top of the 3rd over - 0 run(s), 0 hit(s), 0 error(s), 1 left on base; Intercourse 0 - Rio Grande 0 |
BOTTOM OF THE 3RD |
Rio Grande Rattlesnake batting - Pitching for Intercourse Amish : RHP Andrés Ruíz
|
Batting: RHB David Suarze
|
0-0: Ball 1-0: Ball 2-0: Ground out 5-3 (Groundball, 56S)
|
Batting: SHB Jeremy Holmes
|
0-0: Ball 1-0: SINGLE (Line Drive, 34)
|
Batting: RHB Jaime Delgado
|
0-0: Ball 1-0: Called Strike 1-1: Called Strike 1-2: Foul Ball, location: 2F 1-2: Ball 2-2: SINGLE (Groundball, 6MD) Jeremy Holmes to second
|
Batting: RHB Jeff Bane
|
0-0: Ball 1-0: Called Strike 1-1: Swinging Strike 1-2: DOUBLE (Line Drive, 8RD) Jeremy Holmes scores Jaime Delgado to third
|
Batting: RHB Hollis Wood
|
0-0: Called Strike 0-1: Swinging Strike 0-2: Fly out, F6 (Flyball, 6MD)
|
Batting: LHB Claudio Rodríguez
|
0-0: Foul Ball, location: 2F 0-1: Ball 1-1: Ball 2-1: Foul Ball, location: 2F 2-2: Foul Ball, location: 2F 2-2: SINGLE (Flyball, 9S) Jaime Delgado scores Jeff Bane to third Runner from 3rd tries for Home, SAFE, no throw
|
Batting: RHB Joe Courtier
|
0-0: Ball 1-0: Ball 2-0: SINGLE (Flyball, 8RS) Claudio Rodríguez to second
|
Batting: RHB Iván De Jesús
|
0-0: Ball 1-0: Foul Ball, location: 2F 1-1: Ball 2-1: Ball 3-1: Base on Balls Claudio Rodríguez to third Joe Courtier to second
|
Batting: SHB William Daly
|
0-0: Called Strike 0-1: Called Strike 0-2: Ball 1-2: Fielders Choice at 2nd, U4 (Groundball, 4M)
|
Bottom of the 3rd over - 3 run(s), 5 hit(s), 0 error(s), 3 left on base; Intercourse 0 - Rio Grande 3 |
TOP OF THE 4TH |
Intercourse Amish batting - Pitching for Rio Grande Rattlesnake : RHP Juan Gutiérrez
|
Batting: RHB Frank Maxwell
|
0-0: Ball 1-0: Ball 2-0: Called Strike 2-1: Swinging Strike 2-2: Ball 3-2: Base on Balls
|
Batting: RHB Juan Estrada
|
0-0: Swinging Strike 0-1: Foul Ball, location: 2F 0-2: SINGLE (Groundball, 34D) Frank Maxwell to second Runner from 2nd tries for 3rd, OUT!
|
Batting: LHB Tony O'Bryan
|
0-0: Called Strike Juan Estrada is caught stealing 2nd base 0-1: Swinging Strike 0-2: Hit by Pitch
|
Batting: RHB Juan Caceres
|
0-0: Ball 1-0: Ball 2-0: Ball 3-0: Base on Balls Tony O'Bryan to second
|
Batting: SHB Conan Hanson
|
0-0: Swinging Strike 0-1: DOUBLE (Line Drive, 9LM) Tony O'Bryan scores Juan Caceres to third
|
Batting: SHB Ralph Robison
|
0-0: Ball 1-0: Fly out, F8 (Flyball, 8LS)
|
Top of the 4th over - 1 run(s), 2 hit(s), 0 error(s), 2 left on base; Intercourse 1 - Rio Grande 3 |
BOTTOM OF THE 4TH |
Rio Grande Rattlesnake batting - Pitching for Intercourse Amish : RHP Andrés Ruíz
|
Batting: RHB David Suarze
|
0-0: Ball 1-0: Ball 2-0: Foul Ball, location: 2F 2-1: Ball 3-1: DOUBLE (Flyball, 8LXD)
|
Batting: SHB Jeremy Holmes
|
0-0: Called Strike 0-1: SINGLE (Line Drive, 8RS) David Suarze to third Runner from 3rd tries for Home, throw and OUT! Jeremy Holmes to second
|
Batting: RHB Jaime Delgado
|
0-0: Foul Ball, location: 2F 0-1: Ball 1-1: Swinging Strike 1-2: Strikes out swinging
|
Batting: RHB Jeff Bane
|
0-0: Ball 1-0: Ball 2-0: Foul Ball, location: 2F 2-1: SINGLE (Groundball, 34S) (infield hit) Jeremy Holmes to third
|
Batting: RHB Hollis Wood
|
0-0: Ball 1-0: Foul Ball, location: 2F 1-1: Foul Ball, location: 2F 1-2: Ball 2-2: Ball 3-2: SINGLE (Groundball, 34D) Jeremy Holmes scores Jeff Bane to second Jeff Bane to third
|
Batting: LHB Claudio Rodríguez
|
0-0: Ball 1-0: Ball 2-0: SINGLE (Groundball, 13S) (infield hit) Jeff Bane scores Hollis Wood to second
|
Batting: RHB Joe Courtier
|
0-0: Ball 1-0: Ball 2-0: SINGLE (Line Drive, 56) Hollis Wood to third Claudio Rodríguez to second
|
Batting: RHB Iván De Jesús
|
0-0: GRAND SLAM HOME RUN (Line Drive, 7D), Distance : 354 ft
|
Batting: SHB William Daly
|
0-0: Ball 1-0: Called Strike 1-1: Fly out, F7 (Flyball, 78S)
|
Bottom of the 4th over - 6 run(s), 7 hit(s), 0 error(s), 0 left on base; Intercourse 1 - Rio Grande 9 |
TOP OF THE 5TH |
Intercourse Amish batting - Pitching for Rio Grande Rattlesnake : RHP Juan Gutiérrez
|
Batting: LHB Caleb Hall
|
0-0: Foul Ball, location: 2F 0-1: Ball 1-1: Ball 2-1: Foul Ball, location: 2F 2-2: Foul Ball, location: 2F 2-2: Strikes out swinging
|
Batting: RHB Pablo Díaz
|
0-0: Ball 1-0: Foul Ball, location: 2F 1-1: Swinging Strike 1-2: Foul Ball, location: 2F 1-2: Ball 2-2: Foul Ball, location: 2F 2-2: Ground out 6-3 (Groundball, 6)
|
Batting: LHB Dave Reynolds
|
0-0: Ball 1-0: Called Strike 1-1: Reached on error, E6 (Popup, 6MD)
|
Batting: RHB Frank Maxwell
|
0-0: Ball 1-0: Called Strike 1-1: Called Strike 1-2: Strikes out swinging
|
Top of the 5th over - 0 run(s), 0 hit(s), 1 error(s), 1 left on base; Intercourse 1 - Rio Grande 9 |
BOTTOM OF THE 5TH |
Rio Grande Rattlesnake batting - Pitching for Intercourse Amish : RHP Andrés Ruíz
|
Pitching: RHP Rafael Sánchez
|
|
Batting: RHB David Suarze
|
0-0: Ball 1-0: Fly out, F5 (Popup, 5L)
|
Batting: SHB Jeremy Holmes
|
0-0: Ball 1-0: SINGLE (Groundball, 4D)
|
Batting: RHB Jaime Delgado
|
0-0: Foul Ball, location: 2F 0-1: Swinging Strike 0-2: Ball 1-2: Ball 2-2: Foul Ball, location: 2F 2-2: SINGLE (Groundball, 4MD) Jeremy Holmes to second
|
Batting: RHB Jeff Bane
|
0-0: SINGLE (Line Drive, 4D) Jeremy Holmes to third Jaime Delgado to second
|
Batting: RHB Hollis Wood
|
0-0: Ball 1-0: Foul Ball, location: 2F 1-1: Swinging Strike 1-2: Ball 2-2: Ball 3-2: Foul Ball, location: 2F 3-2: SINGLE (Groundball, 6D) Jeremy Holmes scores Jaime Delgado to third Jeff Bane to second Runner from 3rd tries for Home, SAFE, no throw
|
Batting: LHB Claudio Rodríguez
|
0-0: Ball 1-0: Called Strike 1-1: Swinging Strike 1-2: 3-RUN HOME RUN (Flyball, 89XD), Distance : 381 ft
|
Pitching: LHP Manuel Encarnación
|
|
Batting: RHB Joe Courtier
|
0-0: Ball 1-0: Called Strike 1-1: Ball 2-1: Ball 3-1: Ground out 6-3 (Groundball, 6M)
|
Batting: RHB Iván De Jesús
|
0-0: Foul Ball, location: 2F 0-1: Ball 1-1: Foul Ball, location: 2F 1-2: Ball 2-2: Foul Ball, location: 2F 2-2: Reached on error, E3 (Groundball, 3)
|
Batting: SHB William Daly
|
0-0: Called Strike 0-1: Ground out 3-1 (Groundball, 34)
|
Bottom of the 5th over - 5 run(s), 5 hit(s), 1 error(s), 1 left on base; Intercourse 1 - Rio Grande 14 |
TOP OF THE 6TH |
Intercourse Amish batting - Pitching for Rio Grande Rattlesnake : RHP Juan Gutiérrez
|
Pitching: RHP Albert Gonzáles
|
|
Batting: RHB Juan Estrada
|
0-0: Ball 1-0: SINGLE (Line Drive, 8RS)
|
Batting: LHB Tony O'Bryan
|
0-0: Ball 1-0: SINGLE (Groundball, 3D) Juan Estrada to second Runner from 2nd tries for 3rd, SAFE, no throw
|
Batting: RHB Juan Caceres
|
0-0: Called Strike 0-1: Fly out, F2 (Popup, 3S)
|
Batting: SHB Conan Hanson
|
0-0: Ball 1-0: Called Strike 1-1: Foul Ball, location: 2F 1-2: Fielders Choice at 2nd, 4-6 (Groundball, 4) Juan Estrada scores
|
Batting: SHB Ralph Robison
|
0-0: Ball 1-0: Foul Ball, location: 2F 1-1: Called Strike 1-2: Foul Ball, location: 2F 1-2: SINGLE (Line Drive, 7S) Conan Hanson to second
|
Batting: LHB Caleb Hall
|
0-0: Ball 1-0: Called Strike 1-1: Called Strike 1-2: Strikes out swinging
|
Top of the 6th over - 1 run(s), 3 hit(s), 0 error(s), 2 left on base; Intercourse 2 - Rio Grande 14 |
BOTTOM OF THE 6TH |
Rio Grande Rattlesnake batting - Pitching for Intercourse Amish : LHP Manuel Encarnación
|
Batting: RHB David Suarze
|
0-0: Ball 1-0: Ball 2-0: Ball 3-0: Base on Balls
|
Batting: SHB Jeremy Holmes
|
0-0: Called Strike 0-1: Foul Ball, location: 2F 0-2: Foul Ball, location: 2F 0-2: Ball 1-2: Ball 2-2: Foul Ball, location: 2F 2-2: Foul Ball, location: 2F 2-2: Ball 3-2: Foul Ball, location: 2F 3-2: Foul Ball, location: 2F 3-2: Foul Ball, location: 2F 3-2: Foul Ball, location: 2F 3-2: Foul Ball, location: 2F 3-2: Foul Ball, location: 2F 3-2: Strikes out swinging
|
Batting: RHB Jaime Delgado
|
0-0: Ball David Suarze steals 2nd base 1-0: Ball 2-0: Fly out, F8 (Flyball, 8LM) Runner from 2nd tags up, OUT at 3rd
|
Bottom of the 6th over - 0 run(s), 0 hit(s), 0 error(s), 0 left on base; Intercourse 2 - Rio Grande 14 |
TOP OF THE 7TH |
Intercourse Amish batting - Pitching for Rio Grande Rattlesnake : RHP Albert Gonzáles
|
Batting: RHB Pablo Díaz
|
0-0: Fly out, F8 (Flyball, 89S)
|
Batting: LHB Dave Reynolds
|
0-0: SINGLE (Line Drive, 6D)
|
Batting: RHB Frank Maxwell
|
0-0: Called Strike 0-1: Ball 1-1: Fly out, F8 (Line Drive, 8LD)
|
Batting: RHB Juan Estrada
|
0-0: Foul Ball, location: 2F 0-1: Called Strike 0-2: Foul Ball, location: 2F 0-2: Strikes out swinging
|
Top of the 7th over - 0 run(s), 1 hit(s), 0 error(s), 1 left on base; Intercourse 2 - Rio Grande 14 |
BOTTOM OF THE 7TH |
Rio Grande Rattlesnake batting - Pitching for Intercourse Amish : LHP Manuel Encarnación
|
Batting: RHB Jeff Bane
|
0-0: Foul Ball, location: 2F 0-1: Ball 1-1: Swinging Strike 1-2: Ground out 5-3 (Groundball, 56)
|
Batting: RHB Hollis Wood
|
0-0: Ball 1-0: Called Strike 1-1: Ball 2-1: Foul Ball, location: 2F 2-2: SINGLE (Groundball, 4D)
|
Batting: LHB Claudio Rodríguez
|
0-0: Foul Ball, location: 2F 0-1: Ball 1-1: Called Strike 1-2: Strikes out looking
|
Batting: RHB Joe Courtier
|
0-0: Swinging Strike 0-1: Ball 1-1: Called Strike 1-2: Ball Wild Pitch! Hollis Wood to second 2-2: Ball 3-2: Base on Balls
|
Batting: RHB Iván De Jesús
|
0-0: Foul Ball, location: 2F 0-1: Ball 1-1: Ball 2-1: Fly out, F8 (Line Drive, 8RS)
|
Bottom of the 7th over - 0 run(s), 1 hit(s), 0 error(s), 2 left on base; Intercourse 2 - Rio Grande 14 |
TOP OF THE 8TH |
Intercourse Amish batting - Pitching for Rio Grande Rattlesnake : RHP Albert Gonzáles
|
Now at C: Cristián Román
|
|
Batting: LHB Tony O'Bryan
|
0-0: Ball 1-0: Foul Ball, location: 2F 1-1: Foul Ball, location: 2F 1-2: Foul Ball, location: 2F 1-2: Ground out 4-3 (Groundball, 4)
|
Pitching: RHP Jesús Ramírez
|
|
Batting: RHB Juan Caceres
|
0-0: Called Strike 0-1: Foul Ball, location: 2F 0-2: Foul Ball, location: 2F 0-2: Strikes out swinging
|
Batting: SHB Conan Hanson
|
0-0: Ball 1-0: Foul Ball, location: 2F 1-1: Ball 2-1: Called Strike 2-2: Strikes out swinging
|
Top of the 8th over - 0 run(s), 0 hit(s), 0 error(s), 0 left on base; Intercourse 2 - Rio Grande 14 |
BOTTOM OF THE 8TH |
Rio Grande Rattlesnake batting - Pitching for Intercourse Amish : LHP Manuel Encarnación
|
Pitching: RHP David Nanod
|
|
Batting: SHB William Daly
|
0-0: Ball 1-0: Ball 2-0: Called Strike 2-1: Foul Ball, location: 2F 2-2: Ball 3-2: Strikes out looking
|
Batting: RHB David Suarze
|
0-0: Called Strike 0-1: Ball 1-1: Foul Ball, location: 2F 1-2: Foul Ball, location: 2F 1-2: Foul Ball, location: 2F 1-2: Ball 2-2: Strikes out swinging
|
Batting: SHB Jeremy Holmes
|
0-0: Called Strike 0-1: Fly out, F8 (Flyball, 78M)
|
Bottom of the 8th over - 0 run(s), 0 hit(s), 0 error(s), 0 left on base; Intercourse 2 - Rio Grande 14 |
TOP OF THE 9TH |
Intercourse Amish batting - Pitching for Rio Grande Rattlesnake : RHP Jesús Ramírez
|
Now at 3B: Juan López
|
|
Batting: SHB Ralph Robison
|
0-0: Ball 1-0: Called Strike 1-1: Foul Ball, location: 2F 1-2: Ground out 6-3 (Groundball, 6MD)
|
Batting: LHB Caleb Hall
|
0-0: Called Strike 0-1: Foul Ball, location: 2F 0-2: Strikes out looking
|
Batting: RHB Pablo Díaz
|
0-0: Called Strike 0-1: Foul Ball, location: 2F 0-2: Foul Ball, location: 2F 0-2: Ground out 6-3 (Groundball, 6D)
|
Top of the 9th over - 0 run(s), 0 hit(s), 0 error(s), 0 left on base; Intercourse 2 - Rio Grande 14 |
|